 Dungeon Crawl Stone Soup version 0.29.1-15-g9cfb28693d (webtiles) character file.

Game seed: 13905332694221217653

354 zeram the Covert (level 6, -2/30 HPs)
             Began as a Spriggan Brigand on Apr 24, 2023.
             Slain by a wight
             ... wielding a +0 trident
              (4 damage)
             ... on level 4 of the Dungeon.
             The game lasted 00:05:43 (5043 turns).

zeram the Covert (Spriggan Brigand)                 Turns: 5043, Time: 00:05:44

Health: -2/30      AC:  3    Str:  7    XL:     6   Next: 35%
Magic:  7/7        EV: 17    Int: 15    God:
Gold:   132        SH:  0    Dex: 16    Spells: 4/5 levels left

rFire   . . .      SeeInvis +   m - +4 dagger (venom)
rCold   . . .      Faith    .   (no shield)
rNeg    . . .      Spirit   .   b - +0 robe
rPois   .          Reflect  .   (helmet restricted)
rElec   .          Harm     .   c - +0 cloak
rCorr   .          Rampage  .   (gloves unavailable)
Will    +....                   (boots unavailable)
Stlth   ++++......              (no amulet)
HPRegen 0.10/turn               q - +4 ring of slaying
MPRegen 0.10/turn               (no ring)

@: very quick
A: very small, no large weapons, unfitting armour, see invisible, speed 3
a: no special abilities


You were on level 4 of the Dungeon.
You visited 1 branch of the dungeon, and saw 4 of its levels.

You collected 132 gold pieces.

Inventory:

Hand Weapons
 a - a +2 dagger
 m - a +4 dagger of venom (weapon)
Missiles
 d - 7 poisoned darts (quivered)
 e - 2 curare-tipped darts
Armour
 b - a +0 robe (worn)
 c - a +0 cloak (worn)
Jewellery
 p - an amulet of guardian spirit
 q - a +4 ring of slaying (left hand)
Scrolls
 i - 3 scrolls of amnesia
 o - 2 scrolls of teleportation
 s - a scroll of fear
Potions
 f - 2 potions of magic {unknown}
 g - a potion of invisibility
 h - 2 potions of brilliance {unknown}
 j - a potion of degeneration {unknown}
 k - 2 potions of curing {unknown}
 l - a potion of attraction {unknown}
 n - a potion of haste {unknown}
 r - a potion of heal wounds {unknown}
 t - 2 potions of resistance {unknown}


   Skills:
 - Level 1.5 Fighting
 + Level 4.1 Short Blades
 - Level 2.0 Throwing
 + Level 3.0 Dodging
 + Level 10.1 Stealth


You had 4 spell levels left.
You knew the following spells:

 Your Spells              Type           Power      Damage    Failure   Level
a - Summon Small Mammal   Summ           0%         N/A       26%         1

Your spell library contained the following spells:

 Spells                   Type           Power      Damage    Failure   Level


Dungeon Overview and Level Annotations

Branches:
Dungeon (4/15)
 Temple: D:4-7

Altars:
Kikubaaqudgha

Shops:
D:1 =([?


Innate Abilities, Weirdness & Mutations

You are very small and have problems with some larger weapons.
You are too small for most types of armour.
You have supernaturally acute eyesight. (SInv)
You cover ground extremely quickly. (Speed+++)


Message History

A wight is nearby!
A wight is nearby!
A wight is nearby!
A wight is nearby!
You hit the wight. You punch the wight, but do no damage.
The wight is lightly damaged.
The wight barely misses you.
You hit the wight but do no damage.
The wight is lightly damaged.
The wight hits you with a +4 falchion!
You barely miss the wight.
The wight is lightly damaged.
The wight closely misses you.
You hit the wight.
The wight is moderately damaged.
The wight barely misses you.
The wight hits you from afar with a +0 trident.
Found 3 javelins.
Found 11 gold pieces.
Found 2 scrolls of summoning.
You now have 132 gold pieces (gained 11).
You see here 2 scrolls of summoning.
You aren't carrying any items that you can evoke.
q - a +4 ring of slaying (left hand)
You start putting on your amulet.
You continue putting on your amulet of guardian spirit. x2
The wight hits you from afar with a +0 trident!
Keep equipping yourself? [Y]es or [N]o only, please.
Keep equipping yourself? [Y]es or [N]o only, please.
Keep equipping yourself?
* * * LOW HITPOINT WARNING * * *
You continue putting on your amulet of guardian spirit.
The wight closely misses you.
You continue putting on your amulet of guardian spirit.
The wight closely misses you.
You continue putting on your amulet of guardian spirit.
The wight hits you from afar with a +0 trident.
You die...

.z.............#########
.............z.........#
.#########.###.#######.#
.# #.# #.# #.# <#
#.###.#### #.# .#
#.##(....# #.# .#
#.##..z..# #.# .#
#.....z..####.# ##
####...@.?....#
#.....###### ###..##
############# #..#
.>................
#.#############..#
...############..#
.................#
...###.....###


You could see 3 wights.

Vanquished Creatures
  An ogre (D:3)
  A wight (D:4)
  An orc priest (D:4)
  Jessica (D:3)
  3 orc wizards (D:4)
  2 adders (D:3)
  An ufetubus (D:4)
  4 worms
  A dart slug (D:2)
  5 orcs (D:4)
  4 bats
  4 endoplasms
  2 giant cockroaches
  6 goblins
  4 hobgoblins
  7 kobolds
  2 quokkas
  3 ball pythons
  4 frilled lizards
  2 rats (D:2)
58 creatures vanquished.

Notes
Turn   | Place    | Note
-------+----------+-------------------------------------------
     0 | D:1      | zeram the Spriggan Brigand began the quest for the Orb.
     0 | D:1      | Reached XP level 1. HP: 10/10 MP: 2/2
    57 | D:1      | Reached skill level 6 in Stealth
    74 | D:1      | Found Miucyg's Armour Shoppe.
   425 | D:1      | Found Zeptay's Weapon Shoppe.
   454 | D:1      | Found Esiasu's Jewellery Emporium.
   482 | D:1      | Reached XP level 2. HP: 13/14 MP: 3/3
   581 | D:1      | Found Juden's Magic Scroll Emporium.
   692 | D:1      | Found a faded altar of an unknown god.
   698 | D:1      | Got Plato's Teachings on the Commander
   727 | D:1      | Found Yrir's Antique Armour Shop.
   914 | D:2      | Reached skill level 7 in Stealth
  1950 | D:2      | Reached XP level 3. HP: 7/18 MP: 4/4
  2644 | D:3      | Noticed an ogre
  2651 | D:3      | Killed an ogre
  2652 | D:3      | Reached skill level 8 in Stealth
  2652 | D:3      | Reached XP level 4. HP: 22/22 MP: 5/5
  2801 | D:3      | Noticed Jessica
  2807 | D:3      | Killed Jessica
  2808 | D:3      | Reached skill level 9 in Stealth
  2808 | D:3      | Reached XP level 5. HP: 25/25 MP: 6/6
  3889 | D:4      | Found an ancient bone altar of Kikubaaqudgha.
  4099 | D:4      | Reached XP level 6. HP: 6/30 MP: 7/7
  4693 | D:3      | Learned a level 1 spell: Summon Small Mammal
  4755 | D:4      | Reached skill level 10 in Stealth
  5043 | D:4      | Slain by a wight

Illustrated notes

Levels and vault maps discovered:
D:1:      kennysheep_arrival_forest, layout_basic, serial_shops,
          nicolae_square_shop, shop, shop,
          nicolae_shop_competitors_out_of_business, shop,
          shapermc_ecumenical_altar_rom_forum
D:2:      layout_rooms, dk_noncrumbling_2
D:3:      layout_loops_ring, uniq_jessica
D:4:      layout_loops_ring, nicolae_overflow_crystal_walls

Skill      XL: |  1  2  3  4  5  6 |
---------------+-------------------+-----
Stealth        | 6 7 8 9 10 | 10.1
Short Blades   | 3 4 |  4.1
Dodging        | 2 3 |  3.0
Fighting       | |  1.5
Throwing       | |  2.0

Action                   |  1- 3 |  4- 6 || total
-------------------------+-------+-------++-------
Melee: Dagger            |    88 |    92 ||   180
       Punch             |       |     2 ||     2
Throw: Dart              |    14 |       ||    14
  Use: Scroll            |     5 |     1 ||     6
 Stab: Sleeping          |     7 |    10 ||    17
Armor: Robe              |     7 |     5 ||    12
Dodge: Dodged            |    38 |    35 ||    73
